 Dungeon Crawl Stone Soup version 0.22-a0-799-g88f5e90 (webtiles) character file.

47 iamserjio the Firebug (level 3, 0/19 HPs)
             Began as a Tengu Fire Elementalist on July 21, 2018.
             Slain by a hobgoblin (3 damage)
             ... on level 3 of the Dungeon.
             The game lasted 00:04:19 (636 turns).

iamserjio the Firebug (Tengu Fire Elementalist)      Turns: 636, Time: 00:04:19

Health: 0/19       AC:  2    Str:  8    XL:     3   Next: 70%
Magic:  1/7        EV: 12    Int: 16    God:
Gold:   71         SH:  0    Dex: 14    Spells: 2/6 levels left

rFire    . . .     SeeInvis .   d - +0 club (curse)
rCold    . . .     Gourm    .   (no shield)
rNeg     . . .     Faith    .   a - +0 robe
rPois    .         Spirit   .   (helmet restricted)
rElec    .         Reflect  .   (no cloak)
rCorr    .         Harm     .   (no gloves)
MR       .....                  (boots unavailable)
Stlth    ++........             (no amulet)
HPRegen  0.06/turn              (no ring)
MPRegen  0.10/turn              (no ring)

@: very slightly contaminated
A: beak, talons 3
a: no special abilities


You were on level 3 of the Dungeon.
You were not hungry.

You visited 1 branch of the dungeon, and saw 3 of its levels.

You collected 71 gold pieces.

Inventory:

Hand Weapons
 d - a cursed +0 club (weapon)
 i - a +0 hunting sling
 j - a +0 short sword
 o - a +2 short sword of protection
Missiles
 k - 6 needles of confusion
 l - 40 arrows
 p - 5 poisoned needles
Armour
 a - a +0 robe (worn)
 q - a +0 leather armour
Scrolls
 e - 2 scrolls of remove curse {unknown}
 g - a scroll of blinking {unknown}
 m - a scroll of magic mapping {unknown}
 s - a scroll of identify {unknown}
Potions
 b - 2 potions of curing {unknown}
 f - 2 potions of flight {unknown}
 h - a potion of might {unknown}
 n - a potion of brilliance {unknown}
 r - a potion of magic {unknown}
 t - a potion of degeneration {unknown}
Comestibles
 c - 4 rations
 u - a chunk of flesh


   Skills:
 - Level 2.1 Dodging
 - Level 2.0 Stealth
 + Level 2.3 Spellcasting
 + Level 3.4 Conjurations
 + Level 3.9 Fire Magic


You had 2 spell levels left.
You knew the following spells:

 Your Spells              Type           Power        Failure   Level  Hunger
a - Flame Tongue          Conj/Fire      ##...        4%          1    #......
b - Conjure Flame         Conj/Fire      ##......     13%         3    ###....

Your spell library contained the following spells:

 Spells                   Type           Power        Failure   Level  Hunger
 Fireball                 Conj/Fire      ##........   77%         5    ######.
 Throw Flame              Conj/Fire      ##....       7%          2    ###....
 Sticky Flame             Conj/Fire      ##......     41%         4    #####..
 Inner Flame              Hex/Fire       #.......     26%         3    ###....


Dungeon Overview and Level Annotations

Branches:
Dungeon (3/15)

Altars:


Innate Abilities, Weirdness & Mutations

You have a beak for a mouth.
You have claws for feet.


Message History

Confirm with . or Enter, or press ? or * to list all spells.
Aiming: Flame Tongue (safe; 4% risk of failure)
Press: ? - help, Shift-Dir - straight line, f/p - hobgoblin
Aim: a hobgoblin (moderately wounded)
The flame tongue hits the hobgoblin.
The hobgoblin appears unharmed.
The hobgoblin is moderately wounded.
Casting: Flame Tongue (safe; 4% risk of failure)
Confirm with . or Enter, or press ? or * to list all spells.
Aiming: Flame Tongue (safe; 4% risk of failure)
Press: ? - help, Shift-Dir - straight line, f/p - hobgoblin
Aim: a hobgoblin (moderately wounded)
You miscast Flame Tongue.
You are very lightly contaminated with residual magic.
Nothing appears to happen.
The hobgoblin barely misses you.
You hit the hobgoblin but do no damage.
You peck the hobgoblin, but do no damage.
The hobgoblin is moderately wounded.
The hobgoblin hits you but does no damage.
The hobgoblin hits you.
You die...

## ### .. #.# ####. ..#
#..#. #.## #..#. #..#
#..#'##########..#
#....@.......##..#
###...g..#####.##).####
#.....................#
.......#.#.#####.##.###.#
.......#.#.# #.#......#
.......#.#.# #.#..#####
........#.#.# #.#..#
#.......##.#.# #.#..#
#.##.....#.#.#####.#..#


You could see a hobgoblin.

Vanquished Creatures
  An adder (D:3)
  2 leopard geckos
  An orc (D:3)
  2 ball pythons
  2 giant cockroaches (D:2)
  7 goblins
  2 hobgoblins (D:2)
  7 kobolds
  4 bats
  2 frilled lizards (D:1)
  4 rats
34 creatures vanquished.

Notes
Turn   | Place    | Note
-------+----------+-------------------------------------------
     0 | D:1      | iamserjio the Tengu Fire Elementalist began the quest for the Orb.
     0 | D:1      | Reached XP level 1. HP: 10/10 MP: 4/4
   138 | D:2      | Reached XP level 2. HP: 13/15 MP: 6/6
   330 | D:2      | Reached XP level 3. HP: 18/19 MP: 4/7
   539 | D:3      | Learned a level 3 spell: Conjure Flame
   636 | D:3      | Slain by a hobgoblin

Vault maps used:
D:1:      lightli_arrival_flooded_house, nemelex_diamond_rough_becter
D:2:      serial_curves, eino_curves_01, eino_curves_03, first_ration,
          uniq_jessica
D:3:      kennysheep_pointless_box, minivault_25, uniq_grinder

Skill      XL: |  1  2 |
---------------+-------+-----
Conjurations   | 2 3 |  3.4
Dodging        | |  2.1
Stealth        | |  2.0
Spellcasting   | |  2.3
Fire Magic     | |  3.9

Action                   || total
-------------------------++-------
Melee: Club              ||    43
       Kick              ||     9
       Peck              ||     9
 Cast: Flame Tongue      ||    35
 Stab: Sleeping          ||     1
Armor: Robe              ||    15
Dodge: Dodged            ||    49

Table legend:
 A = Spawn XP
 B = Non-spawn XP
 C = Spawn XP percentage of total XP
 D = Spawn monster count
 E = Non-spawn monster count
 F = Spawn count percentage of total count
 G = Total turns spent on level
                    A         B        C        D         E        F      G
               +---------+---------+-------+---------+---------+-------+---------
         Total |       0 |      68 |   0.0 |       0 |      34 |   0.0 |   636
               +---------+---------+-------+---------+---------+-------+---------
           D:1 |       0 |      18 |   0.0 |       0 |      12 |   0.0 |   202
           D:2 |       0 |      22 |   0.0 |       0 |      14 |   0.0 |   208
           D:3 |       0 |      28 |   0.0 |       0 |       8 |   0.0 |   226
               +---------+---------+-------+---------+---------+-------+---------
